 Dungeon Crawl Stone Soup version 0.30.1-4-g462c640d31 (webtiles) character file.

Game seed: 16284254078234614001

9228 Almogavar the Severer (level 11, -2/99 HPs)
             Began as a Hill Orc Fighter on Aug 22, 2023.
             Was an Elder of Okawaru.
             Slain by a snapping turtle (shapeshifter) (15 damage)
             ... on level 9 of the Dungeon.
             The game lasted 00:27:54 (9058 turns).

Almogavar the Severer (Hill Orc Fighter)            Turns: 9058, Time: 00:27:56

Health: -2/99      AC: 15    Str: 24    XL:     11   Next: 43%
Magic:  11/11      EV:  8    Int:  8    God:    Okawaru [****..]
Gold:   519        SH:  6    Dex: 10    Spells: 10/10 levels left

rFire   + . .        a - +0 war axe
rCold   . . .        c - +1 buckler
rNeg    . . .        f - +0 chain mail
rPois   .            w - +0 helmet
rElec   .            (no cloak)
rCorr   +            g - +1 pair of gloves
SInv    .            (no boots)
Will    .....        (no amulet) Stlth
                     j - ring of resist corrosion
HPRegen 0.36/turn    y - ring of protection from fire
MPRegen 0.12/turn

%: no passive effects
@: about to teleport, studying Staves
A: no striking features
a: Renounce Religion, Heroism, Finesse


You were on level 9 of the Dungeon.
You worshipped Okawaru.
Okawaru was greatly pleased with you.
You visited 2 branches of the dungeon, and saw 10 of its levels.
You also visited: Ossuary.

You collected 519 gold pieces.

Inventory:

Hand Weapons
 a - a +0 war axe (weapon)
 h - a +2 whip of flaming
Armour
 c - a +1 buckler (worn)
 f - a +0 chain mail (worn)
 g - a +1 pair of gloves (worn)
 w - a +0 helmet (worn)
Jewellery
 j - a ring of resist corrosion (left hand)
 o - a ring of willpower
 y - a ring of protection from fire (right hand)
 I - a ring of see invisible
 L - a ring of flight
Wands
 p - a wand of digging (6)
 r - a wand of iceblast (6)
 t - a wand of mindburst (20)
 D - a wand of polymorph (3)
 E - a wand of flame (43)
 M - a wand of paralysis (2)
 N - a wand of light (5)
Scrolls
 k - 2 scrolls of magic mapping
 l - a scroll of fog
 n - 2 scrolls of enchant weapon
 q - 2 scrolls of blinking
 s - a scroll of enchant armour
 u - 2 scrolls of poison
 v - a scroll of teleportation
 x - 2 scrolls of fear {unknown}
 G - a scroll of torment {unknown}
 H - a scroll of noise {unknown}
Potions
 b - 3 potions of haste
 d - 3 potions of might
 e - 9 potions of curing
 i - 3 potions of magic
 m - a potion of heal wounds
 z - 3 potions of lignification {unknown}
 A - 2 potions of attraction {unknown}
 B - 3 potions of brilliance
 C - 2 potions of ambrosia {unknown}
 F - a potion of berserk rage
 J - 3 potions of flight {unknown}
 K - a potion of resistance {unknown}


   Skills:
 + Level 10.1 Fighting
 + Level 15.9 Axes
 + Level 10.1 Armour
 - Level 5.3 Shields
 + Level 2.1 Evocations


You had 10 spell levels left.
You didn't know any spells.
Your spell library contained the following spells:

 Spells                   Type           Power      Damage    Failure   Level
 Apportation              Tloc           0%         N/A       91%         1
 Necrotise                Necr           0%         1d4       91%         1
 Lesser Beckoning         Tloc           0%         N/A       97%         2
 Poisonous Vapours        Pois/Air       0%         N/A       97%         2
 Sublimation of Blood     Necr           0%         N/A       97%         2
 Gell's Gravitas          Tloc           0%         N/A       100%        3
 Mephitic Cloud           Conj/Pois/Air  0%         N/A       100%        3
 Ozocubu's Armour         Ice            0%         N/A       100%        3
 Teleport Other           Tloc           0%         N/A       100%        3
 Petrify                  Tmut/Erth      0%         N/A       100%        4
 Borgnjor's Vile Clutch   Necr/Erth      0%         N/A       100%        5
 Freezing Cloud           Conj/Ice/Air   0%         6-21      100%        5
 Irradiate                Conj/Tmut      0%         3d11      100%        5
 Metabolic Englaciation   Hex/Ice        0%         N/A       100%        5
 Summon Small Mammal      Summ           Unusable   N/A       N/A         1
 Call Canine Familiar     Summ           Unusable   N/A       N/A         3
 Summon Guardian Golem    Hex/Summ       Unusable   N/A       N/A         3
 Animate Dead             Necr           Unusable   N/A       N/A         4
 Death Channel            Necr           Unusable   N/A       N/A         6
 Simulacrum               Ice/Necr       Unusable   N/A       N/A         6
 Malign Gateway           Summ/Tloc      Unusable   N/A       N/A         7
 Summon Horrible Things   Summ           Unusable   N/A       N/A         8

Dungeon Overview and Level Annotations

Branches:
Dungeon (9/15)             Temple (1/1) D:5         Ossuary (visited)
   Lair: D:8-11         Orc: D:9-12

Altars:
Ashenzari
Dithmenos
Elyvilon
Fedhas
Gozag
Hepliaklqana
Kikubaaqudgha
Makhleb
Nemelex Xobeh
Okawaru
Qazlal
Ru
Sif Muna
Trog
Uskayaw
Vehumet
Wu Jian
Xom
Yredelemnul
Zin
The Shining One

Annotations:
D:9 1 runed translucent door


Message History

A manticore comes into view.
You closely miss the vampire mosquito.
The vampire mosquito is moderately damaged.
The vampire mosquito bites you but does no damage.
The snapping turtle bites you from afar!!
The vampire mosquito barely misses you.
You barely miss the vampire mosquito.
The vampire mosquito is moderately damaged.
The vampire mosquito bites you.
The vampire mosquito draws strength from your injuries!
The snapping turtle bites you from afar!
As you read the scroll labelled ROKUXZ NEIDEF, it crumbles to dust.
It is a scroll of enchant armour.
Your +0 buckler glows green for a moment.
You block the vampire mosquito's attack.
The vampire mosquito barely misses you. The snapping turtle closely misses you.
As you read the scroll labelled GIOFANIUTI, it crumbles to dust.
You feel strangely unstable.
It was a scroll of teleportation.
The vampire mosquito bites you.
The vampire mosquito draws strength from your injuries!
The vampire mosquito bites you!
* * * LOW HITPOINT WARNING * * *
The vampire mosquito draws strength from your injuries!
The snapping turtle bites you from afar.
* * * LOW HITPOINT WARNING * * *
You feel better.
The vampire mosquito bites you but does no damage. x2
The manticore bites you!
* * * LOW HITPOINT WARNING * * *
The manticore barely misses you. The manticore claws you.
* * * LOW HITPOINT WARNING * * *
The snapping turtle bites you but does no damage.
A troll comes into view.
You feel much better. The vampire mosquito barely misses you.
The vampire mosquito bites you but does no damage.
The manticore bites you!!
* * * LOW HITPOINT WARNING * * *
The manticore closely misses you. You block the manticore's attack.
The snapping turtle bites you from afar!
You die...

## ##! .# #[$##. ...... ##$.. .#
# .....## #....##. # .....#
#...).#.## # #....##T#####.##.#
#.# #.....#.ty@......## #.#
#.....##.#H#.#.#..# #.#
+......##.#.#.#.#.##
#.#+###......###.#[#.#.).#
#.............#.#.#.#..††## ....
#.............##.#.#..#+#.# ....
#..............##.#.#.#C#.##.....
#..............###.#.##.##.#.....
......#####.....#.#..#...#.##....


You could see a snapping turtle, a manticore, a troll and a vampire mosquito.

Vanquished Creatures
  3 two-headed ogres
  Pikel (D:6)
  The ghost of raetorn the Cleaver, an amateur HOMo (D:4)
  Sigmund (D:2)
  A wraith (D:7)
  Eustachio (D:4)
  13 yaks
  A wyvern (D:8)
  6 steam dragons
  A vampire mosquito (D:9)
  Menkaure (D:6)
  4 water moccasins
  An orc warrior (D:9)
  A black bear (D:5)
  3 ice beasts
  2 centaurs
  2 lemures (D:6)
  A phantom (D:6)
  5 kobold brigands
  4 bullfrogs
  4 scorpions
  5 wights (D:7)
  A killer bee (D:9)
  2 jellies
  3 hounds
  3 orc priests
  A gnoll bouda (D:6)
  A sleepcap (D:7)
  Terence (D:3)
  Ijyb (D:3)
  Natasha (thrice) (D:2)
  2 iguanas
  7 orc wizards
  8 mummies (Ossuary)
  Robin (D:3)
  8 gnolls (D:6)
  6 adders
  4 shadow imps
  6 white imps
  3 ufetubi
  A worm (D:2)
  2 dart slugs
  28 orcs
  8 endoplasms
  A giant cockroach (D:1)
  11 goblins
  11 hobgoblins
  12 jackals
  6 quokkas
  7 ball pythons
  2 bats
  6 frilled lizards
  2 hobgoblin zombies (Ossuary)
  23 kobolds
  3 kobold zombies (Ossuary)
  3 orc zombies (Ossuary)
  10 rats
259 creatures vanquished.

Vanquished Creatures (others)
  A phantom (D:5)
1 creature vanquished.

Grand Total: 260 creatures vanquished

Notes
Turn   | Place    | Note
-------+----------+-------------------------------------------
     0 | D:1      | Almogavar the Hill Orc Fighter began the quest for the Orb.
     0 | D:1      | Reached XP level 1. HP: 19/19 MP: 1/1
    62 | D:1      | Reached XP level 2. HP: 25/27 MP: 2/2
   309 | D:1      | Reached skill level 3 in Axes
   513 | D:1      | Reached XP level 3. HP: 28/33 MP: 3/3
  1082 | D:2      | Noticed Sigmund
  1093 | D:2      | Killed Sigmund
  1094 | D:2      | Reached skill level 5 in Axes
  1094 | D:2      | Reached XP level 4. HP: 20/41 MP: 4/4
  1094 | D:2      | Reached XP level 5. HP: 23/47 MP: 5/5
  1257 | D:2      | Noticed Natasha
  1265 | D:2      | Killed Natasha
  1266 | D:2      | Reached XP level 6. HP: 50/53 MP: 6/6
  1381 | D:2      | Noticed Natasha
  1385 | D:2      | Killed Natasha
  1578 | D:2      | Noticed Natasha
  1584 | D:2      | Killed Natasha
  1859 | D:3      | Noticed Ijyb
  1980 | D:3      | Killed Ijyb
  1981 | D:3      | Reached skill level 6 in Axes
  2331 | D:3      | Noticed Robin
  2348 | D:3      | Killed Robin
  2705 | D:3      | Noticed Terence
  2715 | D:3      | Killed Terence
  2846 | D:4      | Noticed Eustachio
  2846 | D:4      | Found a sand-covered staircase.
  2876 | D:4      | Found a runed translucent gate.
  2876 | D:4      | Found a runed translucent gate.
  2876 | D:4      | Found a runed translucent gate.
  2883 | D:4      | Killed Eustachio
  2884 | D:4      | Reached skill level 5 in Fighting
  2884 | D:4      | Reached skill level 7 in Axes
  2884 | D:4      | Reached XP level 7. HP: 21/61 MP: 7/7
  2887 | Ossuary  | Entered an ossuary
  2987 | Ossuary  | Reached skill level 5 in Armour
  3385 | D:4      | Noticed raetorn's ghost (amateur HOMo)
  3386 | D:4      | Noticed a two-headed ogre
  3528 | D:4      | Reached skill level 8 in Axes
  3692 | D:4      | Found a basalt altar of Yredelemnul.
  3699 | D:4      | Found a shimmering altar of Xom.
  3702 | D:4      | Found a hide-covered altar of Uskayaw.
  3702 | D:4      | Found a glowing golden altar of the Shining One.
  3709 | D:4      | Found a hazy altar of Hepliaklqana.
  3909 | D:5      | Entered Level 5 of the Dungeon
  3918 | D:5      | Reached skill level 5 in Shields
  3976 | D:5      | Found a staircase to the Ecumenical Temple.
  3977 | D:5      | Noticed a steam dragon
  3989 | D:5      | Killed a steam dragon
  3990 | D:5      | Reached XP level 8. HP: 62/69 MP: 8/8
  3997 | D:5      | Reached skill level 9 in Axes
  4434 | D:5      | Reached skill level 10 in Axes
  4884 | D:6      | Reached XP level 9. HP: 72/78 MP: 9/9
  4905 | D:6      | Noticed Pikel
  4919 | D:6      | Killed Pikel
  4920 | D:6      | Reached skill level 11 in Axes
  5325 | D:6      | Noticed Menkaure
  5339 | D:6      | Killed Menkaure
  5475 | Temple   | Entered the Ecumenical Temple
  5475 | Temple   | Found a transporter.
  5475 | Temple   | Found a transporter.
  5477 | Temple   | Found a transporter.
  5477 | Temple   | Found a transporter.
  5502 | Temple   | Became a worshipper of Warmaster Okawaru
  5586 | D:4      | Killed a two-headed ogre
  5586 | D:4      | Reached * piety under Okawaru
  5587 | D:4      | Reached skill level 12 in Axes
  5605 | D:4      | Killed raetorn's ghost
  5908 | D:6      | Reached XP level 10. HP: 81/88 MP: 10/10
  6437 | D:7      | Reached skill level 13 in Axes
  7066 | D:7      | Reached ** piety under Okawaru
  7110 | D:7      | Reached skill level 1 in Evocations
  7309 | D:7      | Reached skill level 14 in Axes
  7373 | D:7      | Found a sacrificial altar of Ru.
  7373 | D:7      | Found a blossoming altar of Fedhas.
  7717 | D:7      | Reached *** piety under Okawaru
  8060 | D:8      | Found a sparkling altar of Nemelex Xobeh.
  8091 | D:8      | Noticed a two-headed ogre
  8101 | D:8      | Killed a two-headed ogre
  8221 | D:8      | Reached XP level 11. HP: 90/97 MP: 11/11
  8225 | D:8      | Reached **** piety under Okawaru
  8226 | D:8      | Reached skill level 15 in Axes
  8791 | D:9      | Noticed a two-headed ogre
  8799 | D:9      | Killed a two-headed ogre
  8800 | D:9      | Reached skill level 10 in Armour
  8983 | D:9      | Noticed a cyclops
  8988 | D:9      | Found a runed translucent door.
  8996 | D:9      | Reached skill level 10 in Fighting
  9052 | D:9      | Noticed a manticore
  9058 | D:9      | Slain by a snapping turtle (shapeshifter)

Illustrated notes

Levels and vault maps discovered:
D:1:      lemuel_arrival_rhombus, layout_basic, serial_rivers,
          chequers_serial_rivers_room_a, chequers_serial_rivers_large_a,
          chequers_serial_rivers_small_b, chequers_serial_rivers_small_3,
          chequers_serial_rivers_marsh
D:2:      minmay_wonky_spiral, layout_loops_ring, uniq_sigmund, uniq_natasha
D:3:      layout_basic, uniq_robin, uniq_ijyb, uniq_terence
D:4:      layout_loops_ring, nicolae_overflow_hallway_of_the_gods,
          nicolae_ossuary_entry_monument, gammafunk_ghost_split, uniq_eustachio
D:5:      layout_rooms, temple_pool_b
D:6:      layout_basic, uniq_menkaure, uniq_pikel
D:7:      layout_gridville, mainiacjoe_overflow_catwalk_spiral, serial_demonic,
          serial_demonic_e, serial_demonic_b, serial_demonic_b,
          serial_demonic_e, grunt_potential
D:8:      layout_rooms, mainiacjoe_overflow_boulevard, serial_glass,
          glass_columns_a, glass_columns_a, item_on_display_a, feat_on_display
D:9:      minmay_the_grid_triangle_9x9_rhombus_thin_mashed
          [minmay_the_grid_triangle_9x9_cache,
          minmay_the_grid_triangle_9x9_prize_center,
          minmay_the_grid_triangle_9x9_subtriangle,
          minmay_the_grid_triangle_9x9_checkered], layout_irregular_city,
          david_orc_5, ebering_ghost_disaster_area, kennysheep_big_empty_room
Temple:   hellmonk_temple_divided_pantheon

Skill      XL: |  1  2  3  4  5  6  7  8  9 10 11 |
---------------+----------------------------------+-----
Axes           | 3 5 7 8 10 12 14 15 | 15.9
Shields        | 4 5 |  5.3
Fighting       | 4 5 6 7 9 10 | 10.1
Armour         | 4 5 6 8 9 10 | 10.1
Evocations     | 1 2 |  2.1

Action                     |  1- 3 |  4- 6 |  7- 9 | 10-12 || total
---------------------------+-------+-------+-------+-------++-------
  Melee: War axe           |   102 |   185 |   248 |   361 ||   896
  Evoke: Wand              |       |       |     1 |    10 ||    11
    Use: Scroll            |       |     3 |    10 |     4 ||    17
         Potion            |       |       |     4 |     2 ||     6
 Armour: Chain mail        |    60 |    95 |   138 |   179 ||   472
  Dodge: Dodged            |    39 |    83 |    79 |   147 ||   348
  Block: Buckler           |    27 |    47 |    65 |    76 ||   215
